 Dungeon Crawl Stone Soup version 0.29.0-4-gdea44cf6ec (webtiles) character file.

Game seed: 37707305709452574

84 qw the Chopper (level 4, 0/26 HPs)
             Began as a Tengu Warper on Aug 28, 2022.
             Slain by Terence
             ... wielding a +0 mace
              (3 damage)
             ... on level 2 of the Dungeon.
             The game lasted 00:00:09 (1521 turns).

qw the Chopper (Tengu Warper)                       Turns: 1521, Time: 00:00:10

Health: 0/26       AC:  3    Str: 13    XL:     4   Next: 46%
Magic:  8/8        EV: 12    Int: 14    God:
Gold:   78         SH:  0    Dex: 13    Spells: 7/7 levels left

rFire   . . .      SeeInvis .   a - +0 hand axe
rCold   . . .      Faith    .   (no shield)
rNeg    . . .      Spirit   .   b - +0 leather armour
rPois   .          Reflect  .   (helmet restricted)
rElec   .          Harm     .   (no cloak)
rCorr   .          Rampage  .   (no gloves)
Will    .....                   (boots unavailable)
Stlth   +.........              (no amulet)
HPRegen 0.08/turn               (no ring)
MPRegen 0.11/turn               (no ring)

@: no status effects
A: beak, talons 3
a: no special abilities


You were on level 2 of the Dungeon.
You visited 1 branch of the dungeon, and saw 2 of its levels.

You collected 78 gold pieces.


Innate Abilities, Weirdness & Mutations

You have a beak for a mouth.
You have claws for feet.


   Skills:
 - Level 2.0 Fighting
 + Level 5.0 Axes
 - Level 1.0 Throwing
 - Level 1.1 Armour
 - Level 2.1 Dodging
 - Level 2.0 Spellcasting
 - Level 2.4 Translocations


You had 7 spell levels left.
You didn't know any spells.
Your spell library contained the following spells:

 Spells                   Type           Power      Damage    Failure   Level
 Blink                    Tloc           16%        N/A       17%         2
 Gell's Gravitas          Tloc           8%         N/A       34%         3
 Lesser Beckoning         Tloc           8%         N/A       34%         3
 Teleport Other           Tloc           8%         N/A       34%         3
 Manifold Assault         Tloc           8%         N/A       97%         5

Inventory:

Hand Weapons
 a - a +0 hand axe (weapon)
 h - a +0 club
 i - a +0 mace
Armour
 b - a +0 leather armour (worn)
 d - a +0 chain mail
Scrolls
 c - a scroll of blinking
 e - a scroll of fear {unknown}
 f - a scroll of identify {unknown}
 g - a scroll of torment {unknown}

Dungeon Overview and Level Annotations

Branches:
Dungeon (1/15)

Altars:

Shops:
D:1 [

Annotations:
D:2 Terence


Message History

Terence the Incautious comes into view.
He is wielding a +0 mace.
Terence shouts!
You closely miss Terence. You claw Terence. Your peck misses Terence.
Terence is lightly wounded.
Terence barely misses you. Terence hits you with a +0 mace.
You hit Terence but do no damage.
Terence is lightly wounded.
Terence hits you with a +0 mace.
You hit Terence. Your peck misses Terence.
Terence is moderately wounded.
Terence hits you with a +0 mace.
You hit Terence. You claw Terence, but do no damage. Your peck misses Terence.
Terence is moderately wounded.
Terence barely misses you.
You barely miss Terence.
Terence is moderately wounded.
Terence barely misses you.
You hit Terence. Your kick misses Terence. You peck Terence.
Terence is heavily wounded.
Terence closely misses you.
You hit Terence.
Terence is severely wounded.
Terence hits you with a +0 mace.
You closely miss Terence. You claw Terence. You peck Terence, but do no damage.
You punch Terence, but do no damage.
Terence is almost dead.
Terence barely misses you.
You closely miss Terence.
Terence is almost dead.
Terence hits you but does no damage.
You hit Terence but do no damage.
Terence is almost dead.
Terence hits you with a +0 mace!
You hit Terence. Your kick misses Terence. Your peck misses Terence.
Terence is almost dead.
Terence hits you with a +0 mace.
You hit Terence but do no damage.
Terence is almost dead.
Terence hits you with a +0 mace.
You die...

... ...# #..#
##..## .#..... ..
#.......### ....
##.##...@$.##.#..
#......#.@.......
#......##.#......
......##.#.(....
#....#........
#.#........#.#
#...)..#.#....
#..##..#.# ##.
##..##....#
#...##.##.#


You could see Terence.

Vanquished Creatures
  5 adders (D:2)
  A worm (D:2)
  2 dart slugs
  5 ball pythons
  4 bats
  3 endoplasms
  3 goblins (D:2)
  2 kobolds
  A quokka (D:1)
  A frilled lizard (D:1)
  9 rats
36 creatures vanquished.

Notes
Turn   | Place    | Note
-------+----------+-------------------------------------------
     0 | D:1      | qw the Tengu Warper began the quest for the Orb.
     0 | D:1      | Reached XP level 1. HP: 12/12 MP: 4/4
     0 | D:1      | 0 ||| qw: Version: 0.1-a-89-g26bdef1
     0 | D:1      | 0 ||| qw: Game counter: 2474
     0 | D:1      | 0 ||| qw: Always use a shield: true
     0 | D:1      | 0 ||| qw: God list: Okawaru
     0 | D:1      | 0 ||| qw: Allow faded altars: false
     0 | D:1      | 0 ||| qw: Do Orc after D:15 true
     0 | D:1      | 0 ||| qw: Do second Lair branch before Depths: true
     0 | D:1      | 0 ||| qw: Lair rune preference: random
     0 | D:1      | 0 ||| qw: Plans: Normal
     0 | D:1      | 0 ||| PLANNING D:1-11
   104 | D:1      | Reached skill level 3 in Axes
   104 | D:1      | Reached XP level 2. HP: 13/17 MP: 6/6
   192 | D:1      | Found Ilaitoc's Armour Shop.
   263 | D:1      | 263 ||| SHOPLISTING +2 hat (176 gold, have 16).
   263 | D:1      | 263 ||| SHOPLISTING +2 pair of gloves (181 gold, have 16).
   263 | D:1      | 263 ||| SHOPLISTING +2 scale mail of fire resistance (231
                  | gold, have 16).
   474 | D:1      | You fall into a shaft and drop 1 floor!
   484 | D:2      | Reached XP level 3. HP: 10/21 MP: 7/7
   487 | D:2      | HP: 5/21 [poisoned by an adder]
   762 | D:2      | 762 ||| Stepping ~*~*~tactically~*~*~ (hiding).
   816 | D:2      | 816 ||| Stepping ~*~*~tactically~*~*~ (stealth).
   818 | D:2      | 818 ||| Stepping ~*~*~tactically~*~*~ (hiding).
   821 | D:2      | 821 ||| Stepping ~*~*~tactically~*~*~ (hiding).
   822 | D:2      | 822 ||| Stepping ~*~*~tactically~*~*~ (hiding).
   832 | D:2      | Reached skill level 4 in Axes
   880 | D:2      | 880 ||| Stepping ~*~*~tactically~*~*~ (stealth).
   884 | D:2      | 884 ||| Stepping ~*~*~tactically~*~*~ (stealth).
   886 | D:2      | 886 ||| Stepping ~*~*~tactically~*~*~ (stealth).
   887 | D:2      | 887 ||| Stepping ~*~*~tactically~*~*~ (stealth).
  1102 | D:2      | Reached XP level 4. HP: 19/26 MP: 8/8
  1325 | D:2      | 1325 ||| Stepping ~*~*~tactically~*~*~ (stealth).
  1328 | D:2      | 1328 ||| Stepping ~*~*~tactically~*~*~ (stealth).
  1344 | D:2      | 1344 ||| Stepping ~*~*~tactically~*~*~ (stealth).
  1345 | D:2      | 1345 ||| Stepping ~*~*~tactically~*~*~ (stealth).
  1374 | D:2      | Reached skill level 5 in Axes
  1439 | D:2      | 1439 ||| Stepping ~*~*~tactically~*~*~ (stealth).
  1504 | D:2      | Noticed Terence
  1519 | D:2      | HP: 6/26 [Terence/+0 mace (9)]
  1521 | D:2      | Slain by Terence

Levels and vault maps discovered:
D:1:      dpeg_arrival_pits, layout_loops_ring, serial_shops,
          nicolae_shop_waterfront, ebering_ecumenical_altar_webs
D:2:      layout_rooms, minmay_pentomino_pile, uniq_terence, uniq_jessica,
          uniq_robin

Skill      XL: |  1  2  3  4 |
---------------+-------------+-----
Axes           | 3 4 5 |  5.0
Fighting       | |  2.0
Throwing       | |  1.0
Armour         | |  1.1
Dodging        | |  2.1
Spellcasting   | |  2.0
Translocations | |  2.4

Action                   |  1- 3 |  4- 6 || total
-------------------------+-------+-------++-------
Melee: Hand axe          |    58 |    37 ||    95
       Kick              |    15 |     8 ||    23
       Peck              |    10 |     6 ||    16
       Punch             |       |     1 ||     1
Throw: Boomerang         |     7 |       ||     7
 Stab: Sleeping          |     2 |       ||     2
Armor: Leather armour    |    12 |    12 ||    24
Dodge: Dodged            |    34 |    22 ||    56

Table legend:
 A = Non-vault XP
 B = Vault XP
 C = Vault XP percentage of total XP
 D = Non-vault monster count
 E = Vault monster count
 F = Vault count percentage of total count
                 A         B        C        D         E       F
            +---------+---------+-------+---------+---------+-------
      Total |      97 |      24 |  19.8 |      29 |       7 |  19.4
            +---------+---------+-------+---------+---------+-------
        D:1 |      25 |       0 |   0.0 |      15 |       0 |   0.0
        D:2 |      72 |      24 |  25.0 |      14 |       7 |  33.3
            +---------+---------+-------+---------+---------+-------
